 Dungeon Crawl Stone Soup version 0.13.0-19-g8e0b589 (webtiles) character file.

387 M4edhros the Shield-Bearer (level 5, -13/34 HPs)
             Began as an Octopode Artificer on Oct 26, 2013.
             Mangled by an ogre
             ... wielding a cursed -1,-2 giant club
              (17 damage)
             ... on Level 4 of the Dungeon.
             The game lasted 00:02:53 (2416 turns).

M4edhros the Shield-Bearer (Octopode Artificer)     Turns: 2416, Time: 00:02:53

HP -13/34        AC  1     Str 11      XL: 5   Next: 72%
MP   7/7         EV  8     Int 15      God:
Gold 194         SH 27     Dex 15      Spells:  0 memorised,  4 levels left

Res.Fire  : . . .   See Invis. : .   g - -1,+1 orc spear
Res.Cold  : . . .   Warding    : .   e - +0 orc large shield
Life Prot.: + . .   Conserve   : .   (helmet restricted)
Res.Poison: .       Res.Corr.  : .   (no amulet)
Res.Elec. : .       Clarity    : .   o - +3 ring of dexterity
Sust.Abil.: . .     Spirit.Shd : .   p - cursed ring of positive energy {unknown}
Res.Mut.  : .       Stasis     : .   (no ring)
Res.Rott. : .       Flight     : .   (no ring)
Saprovore : . . .                    (no ring)
                                     (no ring)
                                     (no ring)
                                     (no ring)

@: mildly poisoned, slightly resistant to hostile enchantments, stealthy
A: almost no armour, amphibious, 8 rings, constrict 8, camouflage 1, AC +1
a: no special abilities


You were on level 4 of the Dungeon.
You were not hungry.

You visited 1 branch of the dungeon, and saw 4 of its levels.

You collected 174 gold pieces.

Inventory:

Hand weapons
 a - a +0,+0 short sword
 g - a -1,+1 orcish spear (weapon)
Armour
 e - a +0 orcish large shield (worn)
Magical devices
 b - a wand of flame (4)
 c - a wand of enslavement (8)
 d - a wand of random effects (14)
Comestibles
 f - 2 bread rations
 j - 4 chokos
 l - 2 meat rations
 m - 2 pears
 s - a chunk of quokka flesh
 u - a chunk of worker ant flesh
Scrolls
 h - a scroll of teleportation {unknown}
 i - a scroll of blinking {unknown}
 k - a scroll of fog
 q - a scroll of enchant weapon II {unknown}
 r - a scroll of curse weapon {unknown}
Jewellery
 o - a +3 ring of dexterity (left tentacle)
 p - a cursed ring of positive energy (right tentacle) {unknown}
Potions
 n - a potion of brilliance
 t - a potion of speed


   Skills:
 - Level 1.0 Fighting
 - Level 1.0 Short Blades
 - Level 2.0 Dodging
 - Level 1.3 Stealth
 * Level 5.2 Shields
 - Level 3.2 Evocations


You had 4 spell levels left.
You didn't know any spells.

Dungeon Overview and Level Annotations

Branches:
Dungeon (4/27)
 Temple: D:4-7

Altars:
Elyvilon


Innate Abilities, Weirdness & Mutations

You cannot wear most types of armour.
You are amphibious.
You can wear up to eight rings at the same time.
You can use your tentacles to constrict many enemies at once.
Your skin changes colour to match your surroundings (Stlth).
Your rubbery body absorbs attacks (AC +1).


Message History

Press: ? - help, Shift-Dir - straight line, f/p - ogre
Aim: an ogre, wielding a giant club (moving very quickly)
The ogre easily resists.
This wand has 10 charges left.
Evoke which item? (* to show all) (? for menu, Esc to quit)
Zapping:
c - a wand of enslavement (10)
Press: ? - help, Shift-Dir - straight line, f/p - ogre
Aim: an ogre, wielding a giant club (moving very quickly)
The ogre resists with some effort.
This wand has 9 charges left.
The ogre hits you with a giant club!
Ouch! That really hurt!
* * * LOW HITPOINT WARNING * * *
A hobgoblin comes into view. It is wielding a club.
Evoke which item? (* to show all) (? for menu, Esc to quit)
Zapping:
c - a wand of enslavement (9)
Press: ? - help, Shift-Dir - straight line, f/p - ogre
Aim: an ogre, wielding a giant club (moving very quickly)
The ogre easily resists.
This wand has 8 charges left.
The ogre hits you with a giant club!
Ouch! That really hurt!
You die...

... . #... .## ###### #...
g.# #....### ... .a# #......
..# #s# #.....# #.# #.#
#...%.# #.# #.#
#.....####.#####O###########.
....%...........@............
#$....#######################
#.....## .......#######
.......##....###
..)............#
.......##....#.#
.......##....#.#
.......##....#.# . #.# .


You could see an ogre, a worker ant, a giant cockroach and a hobgoblin.

Vanquished Creatures
  2 worker ants (D:4)
  An orc wizard (D:4)
  A scorpion (D:4)
  2 adders
  A giant mite (D:4)
  2 worms
  5 orcs
  5 bats
  2 giant cockroaches (D:1)
  6 goblins
  6 hobgoblins
  5 jackals (D:1)
  A kobold (D:4)
  4 quokkas
  3 giant newts (D:1)
  4 rats
50 creatures vanquished.

Vanquished Creatures (collateral kills)
  An orc (D:4)
  2 jackals (D:1)
3 creatures vanquished.

Grand Total: 53 creatures vanquished

Notes
Turn   | Place    | Note
--------------------------------------------------------------
     0 | D:1      | M4edhros, the Octopode Artificer, began the quest for the Orb.
     0 | D:1      | Reached XP level 1. HP: 14/14 MP: 1/1
    70 | D:1      | Reached skill level 1 in Shields
   425 | D:1      | Reached XP level 2. HP: 19/19 MP: 3/3
  1254 | D:1      | Reached XP level 3. HP: 24/24 MP: 4/4
  1689 | D:4      | Reached XP level 4. HP: 18/29 MP: 6/6
  1884 | D:4      | Reached skill level 4 in Shields
  2079 | D:4      | Found a white marble altar of Elyvilon.
  2127 | D:4      | Reached XP level 5. HP: 24/34 MP: 7/7
  2201 | D:4      | Reached skill level 5 in Shields
  2410 | D:4      | Noticed an ogre
  2416 | D:4      | Mangled by an ogre

Action                   |  1- 3 |  4- 6 || total
-------------------------+-------+-------++-------
Melee: Short sword       |    15 |       ||    15
       Spear             |    74 |    53 ||   127
Evoke: Wand              |     2 |    17 ||    19
  Use: Potion            |     4 |       ||     4
       Scroll            |     2 |       ||     2
 Stab: Sleeping          |     9 |     5 ||    14
